 Dungeon Crawl Stone Soup version 0.16.0-16-g311141a (webtiles) character file.

100 Zapata the Cudgeler (level 5, -9/32 HPs)
             Began as a Kobold Berserker on Mar 19, 2015.
             Was a Priest of Trog.
             Shot with an arrow by a centaur (11 damage)
             ... on level 3 of the Dungeon.
             The game lasted 00:03:18 (1616 turns).

Zapata the Cudgeler (Kobold Berserker)              Turns: 1616, Time: 00:03:18

Health: -9/32      AC:  3    Str: 15    XL:     5   Next: 3%
Magic:  5/5        EV: 15    Int:  5    God:    Trog [***...]
Gold:   81         SH:  0    Dex: 17    Spells: 0 memorised, 4 levels left

rFire  . . .     SeeInvis .     a - +0 mace
rCold  . . .     Clarity  .     b - +0 animal skin
rNeg   . . .     SustAb   .     (no shield)
rPois  .         Gourm    .     (no helmet)
rElec  .         Spirit   .     (no cloak)
rCorr  .         Warding  .     m - +0 pair of gloves
rMut   .         Stasis   .     (no boots)
MR     .....                    (no amulet)
Stlth  ++........               (no ring)
                                (no ring)

@: exhausted, slowed, very slow, not resistant to hostile enchantments,
unstealthy
A: carnivore 3
a: Burn Spellbooks, Berserk, Trog's Hand, Renounce Religion


You were on level 3 of the Dungeon.
You worshipped Trog.
Trog was most pleased with you.
You were not hungry.

You visited 1 branch of the dungeon, and saw 4 of its levels.

You collected 81 gold pieces.

Inventory:

Hand weapons
 a - a +0 mace (weapon)
Missiles
 h - 55 stones (quivered)
Armour
 b - a +0 animal skin (worn)
 m - a +0 pair of gloves (worn)
Jewellery
 d - an uncursed ring of wizardry {unknown}
Scrolls
 e - a scroll of blinking {unknown}
 f - 2 scrolls of magic mapping {unknown}
 g - a scroll of immolation {unknown}
 i - 5 scrolls of identify {unknown}
 j - 2 scrolls of enchant armour {unknown}
Potions
 l - a potion of might {unknown}
 n - a potion of curing
Comestibles
 c - a meat ration


   Skills:
 - Level 3.2 Fighting
 + Level 5.3 Maces & Flails
 - Level 1.5 Armour
 - Level 2.4 Dodging


You had 4 spell levels left.
You didn't know any spells.

Dungeon Overview and Level Annotations

Branches:
Dungeon (4/15)
 Temple: D:4-7

Altars:


Innate Abilities, Weirdness & Mutations

You are small and have problems with some larger weapons.
You are carnivorous and can eat meat at any time.


Message History

Dmg: -6%(-2hp) hp: 38%(12hp)
The iguana misses you. The rat misses you. The quokka skeleton misses you.
The rat bites you.
There is a stone staircase leading up here.
Dmg: -3%(-1hp) hp: 35%(11hp) Drink which item? (? for menu, Esc to quit)
You feel better. The quokka skeleton barely misses you.
The iguana barely misses you. The rat misses you. The iguana barely misses you.
The quokka skeleton bites you. The rat bites you.
The quokka skeleton bites you. The rat bites you. The iguana barely misses you.
You climb upwards.
A centaur comes into view.
The centaur shouts!
Found three items.
There is a stone staircase leading down here.
Huge Dmg: -13%(-4hp) hp: 44%(14hp)
The rat bites you but does no damage. The iguana bites you!
* * * LOW HITPOINT WARNING * * *
The centaur wields a shortbow.
The centaur shoots an arrow.
The arrow hits you!
You die...

..........# .
...........##... ...
......###....... ....
................ #.....
...............%#.......
........................
..................!...
.................rc#
.....>..........@.#
....o#..........l#..#
#..†w†..##..#..... ...#
##.)##†....#.....[. ###
##.# .......#...... #o#
o....####...### #.#
......# ..... .o. ...##.
.#..# ..o .... ...


You could see a centaur, an iguana and a rat.

Vanquished Creatures
  2 adders (D:2)
  A giant mite (D:1)
  3 worms (D:2)
  4 giant geckos
  An ooze (D:2)
  An orc (D:3)
  9 bats
  3 giant cockroaches
  4 hobgoblins
  4 jackals
  2 quokkas (D:2)
  3 giant newts
  7 goblins
  4 kobolds
  4 rats
52 creatures vanquished.

Notes
Turn   | Place    | Note
--------------------------------------------------------------
     0 | D:1      | Zapata, the Kobold Berserker, began the quest for the Orb.
     0 | D:1      | Reached XP level 1. HP: 14/14 MP: 1/1
    96 | D:1      | Reached XP level 2. HP: 12/19 MP: 2/2
   396 | D:1      | Reached skill level 4 in Maces & Flails
   396 | D:1      | Reached XP level 3. HP: 19/23 MP: 3/3
   495 | D:1      | Acquired Trog's second power
   720 | D:2      | Reached XP level 4. HP: 21/28 MP: 4/4
  1129 | D:2      | Reached skill level 5 in Maces & Flails
  1579 | D:3      | Reached XP level 5. HP: 28/32 MP: 5/5
  1615 | D:3      | Noticed a centaur
  1616 | D:3      | Shot with an arrow by a centaur

Action                   |  1- 3 |  4- 6 || total
-------------------------+-------+-------++-------
Melee: Mace              |    69 |    73 ||   142
Throw: Stone             |     2 |       ||     2
Invok: Berserk           |     2 |     2 ||     4
       Trog's Hand       |     1 |       ||     1
  Use: Potion            |       |     4 ||     4
  Eat: Chunk             |     6 |     4 ||    10
